 Dungeon Sprint DCSS version 0.26.1-11-gd32895ea62 (webtiles) character file.

Game seed: 1481724462644623717

47 Zeld the Chopper (level 3, -17/33 (36) HPs)
             Began as a Minotaur Berserker on Aug 9, 2021.
             Was a Follower of Trog.
             Killed from afar by a deep elf mage (35 damage)
             ... with a bolt of negative energy
             ... in the Dungeon (Sprint V: "Ziggurat Sprint").
             The game lasted 00:02:00 (367 turns).

Zeld the Chopper (Minotaur Berserker)                Turns: 367, Time: 00:02:01

HP:   -17/33 (36)   AC: 19    Str: 34    XL:     3   Next: 48%
MP:   2/2           EV:  3    Int:  4    God:    Trog [*.....]
Gold: 0             SH: 20    Dex:  9    Spells: 2/2 levels left

rFire    + . .     SeeInvis .   k - +5 broad axe
rCold    + . .     Faith    .   l - +3 tower shield
rNeg     . . .     Spirit   .   i - +5 gold dragon scales
rPois    +         Reflect  .   (helmet restricted)
rElec    .         Harm     .   (no cloak)
rCorr    .         Rampage  .   (no gloves)
Will     .....     NoTele   +   (no boots)
Stlth    ..........             (no amulet)
HPRegen  0.11/turn              C - +6 ring of strength
MPRegen  0.08/turn              D - +6 ring of strength

@: drained
A: retaliatory headbutt, horns 2
a: Renounce Religion, Berserk


You were in the Dungeon.
You worshipped Trog.
Trog was aware of your devotion.
You visited 1 branch

Inventory:

Hand Weapons
 k - a +5 broad axe (weapon)
Armour
 i - +5 gold dragon scales (worn)
 l - a +3 tower shield (worn)
Jewellery
 C - a +6 ring of strength (left hand)
 D - a +6 ring of strength (right hand)
Wands
 u - a wand of disintegration (7)
 v - a wand of iceblast (7)
 w - a wand of acid (7)
Scrolls
 j - 7 scrolls of fog
 m - a scroll of holy word
 n - 5 scrolls of identify
 o - 5 scrolls of remove curse
 p - 2 scrolls of fear
Potions
 c - 10 potions of curing
 d - 10 potions of heal wounds
 e - 6 potions of haste
 f - 7 potions of magic
 g - 3 potions of berserk rage
 q - 2 potions of invisibility
 r - 4 potions of resistance
 t - 5 potions of might
Miscellaneous
 E - a lightning rod (4/4)


   Skills:
 + Level 5.3 Fighting
 * Level 6.7 Axes
 + Level 4.7 Armour
 + Level 4.1 Dodging
 * Level 5.3 Shields


You had 2 spell levels left.
You didn't know any spells.
Your spell library was empty.

Dungeon Overview and Level Annotations

Branches:
Dungeon (1/1)

Altars:
Ashenzari
Cheibriados
Dithmenos
Elyvilon
Fedhas
Gozag
Hepliaklqana
Kikubaaqudgha
Makhleb
Nemelex Xobeh
Okawaru
Qazlal
Ru
Sif Muna
Trog
Uskayaw
Vehumet
Wu Jian
Xom
Yredelemnul
Zin
The Shining One
Beogh
Jiyva
Lugonu


Innate Abilities, Weirdness & Mutations

You reflexively headbutt those who attack you in melee.
You have a pair of horns on your head.


Message History

You kill the shadow imp!
Trog accepts your kill.
No target in view!
No target in view!
There is a transporter here.
Welcome to arena 2.
You enter the transporter and appear at another place.
A deep elf knight and 2 deep elf magi come into view.
The deep elf knight is wielding a +2 long sword of electrocution.
The deep elf mage shouts!
The deep elf knight shouts!
The deep elf mage shouts!
The deep elf mage unwields a +0 short sword.
The deep elf mage drops a +0 short sword.
The deep elf mage picks up a +1 mace of protection.
The deep elf mage wields a +1 mace of protection.
The deep elf knight gestures at you while chanting.
The shard of ice hits you! You partially resist.
The deep elf mage points at you and mumbles some strange words.
The bolt of negative energy hits you!!
You feel drained.
Ouch! That really hurt!
You die...

▓▓▓▓▓▓▓▓▓▓▓▓▓
▓.8©8.▓.8©8.▓
▓.ee}.▓.....▓
▓...e.▓.:.:.▓
▓.....▓.....▓
▓.....▓.....▓
▓.....▓..©..▓
▓..@..▓▓▓▓▓▓▓
▓▓▓▓▓▓▓


You could see a deep elf knight and 2 deep elf magi.

Vanquished Creatures
  A quasit (D)
  A shadow imp (D)
2 creatures vanquished.

Notes
Turn   | Place    | Note
-------+----------+-------------------------------------------
     0 | D        | Zeld the Minotaur Berserker began the quest for the Orb.
     0 | D        | Reached XP level 1. HP: 19/19 MP: 0/0
     1 | D        | Banished a spatial maelstrom
     5 | D        | Found a blossoming altar of Fedhas.
     6 | D        | Found the +6 Majin-Bo {vamp, MP+6 Int+6}
     6 | D        | Found the +9 heavy crossbow "Sniper" {vorpal, Acc+∞ SInv}
     6 | D        | Found the +10 dark maul {vorpal}
     6 | D        | Found the +15 Maxwell's patent armour {-Cast -Tele rElec
                  | Will+ rCorr}
     6 | D        | Found the +18 shield of the Gong {rElec rN+ Will+ EV-5}
     6 | D        | Found the cursed +14 obsidian axe {vorpal, +Fly SInv
                  | *Curse}
     6 | D        | Found the +7 great mace "Firestarter" {inner flame, rF++}
     6 | D        | Found the +6 shillelagh "Devastator" {shatter}
     6 | D        | Found the +11 plutonium sword {*Contam Stlth-}
     6 | D        | Found the +8 lance "Wyrmbane" {slay drac, rPois rF+ rC+
                  | AC+3}
     6 | D        | Found the +9 sword of Zonguldrok {reap}
     6 | D        | Found the cursed +13 scythe of Curses {drain, *Curse}
     6 | D        | Found the +5 sword of Power {vorpal}
     6 | D        | Found the +7 mace of Variability {chain chaos}
     6 | D        | Found the +7 Singing Sword {vorpal, sonic wave}
     6 | D        | Found the +8 storm bow {elec, penet}
     7 | D        | Found a viscous altar of Jiyva.
     7 | D        | Found a hazy altar of Hepliaklqana.
     7 | D        | Found a transporter.
     7 | D        | Found an opulent altar of Gozag.
     7 | D        | Found an ancient bone altar of Kikubaaqudgha.
     7 | D        | Found a corrupted altar of Lugonu.
    11 | D        | Banished a spatial maelstrom
    21 | D        | Found a burning altar of Makhleb.
    22 | D        | Found a sacrificial altar of Ru.
    22 | D        | Found a stormy altar of Qazlal.
    22 | D        | Found a shimmering blue altar of Sif Muna.
    22 | D        | Found an iron altar of Okawaru.
    22 | D        | Found a bloodstained altar of Trog.
    22 | D        | Found a sparkling altar of Nemelex Xobeh.
   177 | D        | Reached skill level 6 in Axes
   177 | D        | Reached XP level 2. HP: 28/28 MP: 1/1
   358 | D        | Entered arena 2.
   358 | D        | Found a transporter.
   362 | D        | Reached skill level 5 in Fighting
   362 | D        | Reached skill level 5 in Shields
   362 | D        | Reached XP level 3. HP: 34/36 MP: 2/2
   367 | D        | Entered arena 3.
   367 | D        | Noticed a deep elf mage
   367 | D        | Noticed a deep elf knight
   367 | D        | Noticed a deep elf mage
   367 | D        | Found a transporter.
   367 | D        | Killed from afar by a deep elf mage

Illustrated notes

Levels and vault maps discovered:
D:        sprint_v [room_start, room_1, room_2, room_3, room_4, room_5, room_6,
          room_7, room_8, room_9, room_10, room_11, room_12, room_13, room_14,
          room_15, room_16, room_17, room_18, room_19, room_20, room_21,
          room_22, room_23, room_24, room_25, room_26, room_27]

Skill      XL: |  1  2 |
---------------+-------+-----
Fighting       | 4 5 |  5.3
Axes           | 6 |  6.7
Armour         | 4 |  4.7
Dodging        | 3 4 |  4.1
Shields        | 4 5 |  5.3

Action                   || total
-------------------------++-------
Melee: Broad axe         ||     3
       Headbutt          ||     1
Invok: Berserk           ||     1
  Use: Potion            ||     1
Armor: Gold dragon scale ||     5
Dodge: Dodged            ||     1
Block: Tower shield      ||     6
